 Dungeon Crawl Stone Soup version 0.22-a0-283-g1871b15 (webtiles) character file.

63 b5mith the Skirmisher (level 3, -1/49 HPs)
             Began as a Minotaur Berserker on Mar 18, 2018.
             Was a Believer of Trog.
             Slain by an adder (4 damage)
             ... on level 2 of the Dungeon.
             The game lasted 00:02:26 (1193 turns).

b5mith the Skirmisher (Minotaur Berserker)          Turns: 1193, Time: 00:02:26

Health: -1/49      AC:  2    Str: 27    XL:     3   Next: 87%
Magic:  11/11      EV: 12    Int:  4    God:    Trog [**....]
Gold:   47         SH:  0    Dex:  9    Spells: 2/2 levels left

rFire    . . .     SeeInvis .   a - +0 falchion
rCold    . . .     Gourm    .   (no shield)
rNeg     . . .     Faith    .   b - +0 animal skin
rPois    .         Spirit   .   (helmet restricted)
rElec    .         Reflect  .   (no cloak)
rCorr    .         Harm     .   (no gloves)
MR       .....                  (no boots)
Stlth    ..........             (no amulet)
HPRegen  0.16/turn              j - ring of magical power (curse)
MPRegen  0.12/turn              (no ring)

@: berserking, lethally poisoned (-1 -> -3), very quick
A: retaliatory headbutt, horns 2
a: Berserk, Trog's Hand, Renounce Religion


You were on level 2 of the Dungeon.
You worshipped Trog.
Trog was pleased with you.
You were near starving.

You visited 1 branch of the dungeon, and saw 2 of its levels.

You collected 47 gold pieces.

Inventory:

Hand Weapons
 a - a +0 falchion (weapon)
Armour
 b - a +0 animal skin (worn)
Jewellery
 j - a cursed ring of magical power (left hand)
Wands
 d - a wand of scattershot (3)
Scrolls
 e - 2 scrolls of teleportation {unknown}
 f - a scroll of immolation {unknown}
 g - a scroll of enchant weapon {unknown}
 h - a scroll of amnesia {unknown}
Potions
 i - a potion of haste {unknown}
Comestibles
 c - 3 rations


   Skills:
 + Level 4.2 Fighting
 + Level 4.2 Long Blades
 + Level 3.3 Armour
 + Level 3.0 Dodging


You had 2 spell levels left.
You didn't know any spells.

Dungeon Overview and Level Annotations

Branches:
Dungeon (2/15)

Altars:

Annotations:
D:2 Natasha


Innate Abilities, Weirdness & Mutations

You reflexively headbutt those who attack you in melee.
You have a pair of horns on your head.


Message History

Natasha growls.
Natasha stares at you and mumbles some strange words.
The magic dart hits you!
* * * LOW HITPOINT WARNING * * *
You hit Natasha but do no damage. Your headbutt misses Natasha.
The adder bites you.
* * * LOW HITPOINT WARNING * * *
The adder bites you.
* * * LOW HITPOINT WARNING * * *
Natasha claws you.
* * * LOW HITPOINT WARNING * * *
A red film seems to cover your vision as you go berserk!
You feel yourself moving faster!
You feel mighty!
You are near starving!
The adder bites you.
* * * LOW HITPOINT WARNING * * *
You are poisoned.
The adder poisons you! Natasha claws you but does no damage.
You closely miss Natasha.
You feel sick. The adder bites you.
You die...

. ......# .. .....#
##### #. ....# ....# #.
...###..... #.#
#.......... #..
#...)...... #.##
#.SS......!
.#.##..#######..@h......
.................5......
.#.###..######.....%(...
.................##.....
###.###..#####.#.# ####.
#.####...............#
#......#####.#%#####..
#######............
........#.####.#.#.#


You could see Natasha, a crimson imp, an adder and a ball python.

Vanquished Creatures
  Natasha (D:2)
  An ooze (D:1)
  A dart slug (D:2)
  2 leopard geckos (D:1)
  2 ball pythons (D:1)
  4 bats (D:1)
  5 hobgoblins (D:1)
  4 jackals (D:1)
  A quokka (D:2)
  3 kobolds (D:1)
  3 rats (D:1)
27 creatures vanquished.

Notes
Turn   | Place    | Note
-------+----------+-------------------------------------------
     0 | D:1      | b5mith the Minotaur Berserker began the quest for the Orb.
     0 | D:1      | Reached XP level 1. HP: 19/19 MP: 0/0
   308 | D:1      | Reached XP level 2. HP: 22/27 MP: 1/1
   712 | D:1      | Reached XP level 3. HP: 33/33 MP: 2/2
  1083 | D:2      | Noticed Natasha
  1098 | D:2      | Killed Natasha
  1100 | D:2      | Reached ** piety under Trog
  1186 | D:2      | Noticed Natasha
  1193 | D:2      | Slain by an adder

Vault maps used:
D:1:      lemuel_arrival_muddy, minmay_distorted
D:2:      uniq_natasha

Skill      XL: |  1  2  3 |
---------------+----------+-----
Fighting       | 4 |  4.2
Long Blades    | 4 |  4.2
Armour         | 3 |  3.3
Dodging        | 3 |  3.0

Action                   || total
-------------------------++-------
Melee: Falchion          ||    56
       Headbutt          ||     4
Invok: Berserk           ||     2
  Eat: Chunk             ||     1
Armor: Animal skin       ||     6
Dodge: Dodged            ||    38
       Rpst.: Falchion   ||    15

Table legend:
 A = Spawn XP
 B = Non-spawn XP
 C = Spawn XP percentage of total XP
 D = Spawn monster count
 E = Non-spawn monster count
 F = Spawn count percentage of total count
 G = Total turns spent on level
                    A         B        C        D         E        F      G
               +---------+---------+-------+---------+---------+-------+---------
         Total |       0 |      90 |   0.0 |       0 |      27 |   0.0 |  1193
               +---------+---------+-------+---------+---------+-------+---------
           D:1 |       0 |      48 |   0.0 |       0 |      24 |   0.0 |  1005
           D:2 |       0 |      42 |   0.0 |       0 |       3 |   0.0 |   188
               +---------+---------+-------+---------+---------+-------+---------
